Map: Orbital Shipyard

Players

LilDicky - Winner!

  • Race: Terran Terran
  • League: Diamond

makealive

  • Race: Terran Terran
  • League: Diamond

VOD

http://www.twitch.tv/tumescentpie

Description

Time

  • Played on: Dec. 2, 2015, 10:45 a.m.
  • Length: 10:24
Show
View Real Time Build Order
Export as new Build Order

LilDicky Terran - Winner!

Build Orders: Banshee Rush 

Get SALT Encoding   

  12  0:01  SCV  
  13  0:13  SCV  
  14  0:17  Supply Depot  
  14  0:25  SCV  
  15  0:29  Refinery  
  15  0:39  SCV  
  16  0:45  Barracks  
  16  0:51  SCV  
  17  1:03  SCV  
  18  1:15  SCV  
  19  1:35  Reaper  
  19  1:37  Supply Depot  
  19  1:38  Orbital Command  
  20  1:51  Factory  
  20  1:59  Refinery  
  20  2:07  Marine  
  21  2:15  SCV  
  21  2:20  Command Center  
  22  2:29  SCV  
  23  2:30  Marine  
  24  2:48  Marine  
  25  2:51  Starport  
  25  2:54  Factory Tech Lab  
  25  2:58  SCV  
  26  3:10  SCV  
  27  3:20  Marine  
  27  3:24  SCV  
  29  3:37  Banshee, Cloaking Field  
  29  3:39  Widow Mine  
  29  3:40  Marine  
  35  3:45  SCV, Orbital Command  
  36  3:56  Refinery  
  36  3:58  SCV, Marine, Supply Depot  
  38  4:03  Engineering Bay  
  38  4:08  Factory Tech Lab  
  38  4:10  SCV  
  39  4:18  Marine  
  39  4:22  Banshee  
  43  4:29  Siege Tank  
  43  4:30  SCV x2  
  48  4:36  Marine  
  48  4:42  SCV  
  49  4:46  SCV  
  50  4:53  Missile Turret  
  50  4:54  Marine  
  50  4:55  Missile Turret  
  51  5:01  Siege Tank  
  54  5:11  Supply Depot  
  54  5:33  SCV  
  54  5:34  SCV  
  56  5:35  Raven  
  58  5:45  Siege Tank  
  58  5:47  Marine  
  62  6:06  SCV  
  60  6:18  Viking  
  62  6:49  Siege Tank  
  57  7:21  Siege Tank  
  57  7:22  Marine  
  54  7:39  Marine  
  55  7:50  Banshee  
  58  7:53  Hellion  
  58  7:57  Marine  
  56  8:00  SCV  
  54  8:13  Command Center  
  54  8:14  Siege Tank  
  54  8:16  Barracks Tech Lab  
  54  8:18  Barracks  
  54  8:19  Barracks  
  55  8:20  Command Center, Barracks  
  55  8:22  Barracks  
  55  8:34  Banshee  
  58  8:41  SCV x2  
  60  8:49  Siege Tank  
  60  8:53  SCV x2  
  58  9:05  SCV  
  57  9:15  Starport x2  
  57  9:17  Viking  
  57  9:18  Refinery  
  57  9:30  SCV  
  58  9:32  Refinery  
  58  9:37  Refinery  
  55  9:50  SCV x2  
  55  10:02  SCV  
  55  10:03  SCV  
Show
View Real Time Build Order
Export as new Build Order

makealive Terran 

Build Orders: Command Center First (CC) 

Get SALT Encoding   

  12  0:01  SCV  
  13  0:13  SCV  
  14  0:17  Supply Depot  
  14  0:25  SCV  
  15  0:39  SCV  
  16  0:51  SCV  
  17  1:01  Command Center  
  17  1:03  SCV  
  18  1:16  SCV  
  18  1:17  Barracks  
  19  1:28  SCV  
  19  1:32  Refinery  
  20  1:33  Refinery  
  20  1:40  SCV  
  21  1:52  SCV  
  22  2:04  Supply Depot  
  22  2:07  Orbital Command, Marine  
  23  2:13  Orbital Command  
  23  2:24  Factory  
  23  2:25  Marine  
  23  2:49  Marine  
  23  2:56  SCV  
  24  2:58  SCV  
  25  3:08  Factory Tech Lab, SCV  
  25  3:11  SCV  
  27  3:20  Marine  
  27  3:26  Starport  
  28  3:27  SCV x2  
  28  3:29  Starport  
  30  3:34  Cyclone  
  30  3:39  SCV x2  
  35  3:45  Engineering Bay  
  35  3:49  Barracks Tech Lab  
  35  3:51  SCV x2  
  37  4:03  SCV x2  
  39  4:22  Banshee  
  39  4:23  Banshee, Barracks Tech Lab  
  45  4:24  Factory Tech Lab  
  45  4:27  SCV  
  45  4:30  Refinery x2  
  46  4:34  Command Center  
  46  4:37  Cloaking Field  
  46  4:42  Missile Turret  
  46  4:46  Missile Turret  
  46  5:03  Barracks Reactor  
  46  5:08  Supply Depot  
  46  5:09  Supply Depot  
  46  5:11  Supply Depot  
  46  5:12  SCV x2  
  48  5:14  Siege Tank  
  48  5:24  SCV x2  
  50  5:30  Viking  
  49  5:36  SCV x2  
  49  5:41  Viking  
  50  5:46  Marine x2  
  50  5:48  Siege Tank  
  50  5:49  Orbital Command  
  55  6:11  SCV  
  55  6:12  SCV  
  57  6:19  Banshee  
  57  6:23  SCV  
  57  6:24  SCV, Raven  
  61  6:39  Siege Tank  
  64  6:44  Orbital Command  
  48  8:03  Banshee  
  51  8:18  Siege Tank  
  49  8:26  Command Center  
  49  8:28  Command Center  
  49  8:31  Command Center  
  48  8:47  Armory  
  44  8:50  Siege Tank  
  47  9:11  Viking, Starport x2  
  47  10:05  Barracks  
Tags
 
Add a new tag
Caveats
  • Supply blocks, unpowered buildings, or Contaminate may cause inaccurate times.
  • Supply counts are checked every 10 seconds.